 Dungeon Sprint DCSS version 0.17.1-3-g152610e (webtiles) character file.

1630 Kokonut the Covert (level 8, -4/36 HPs)
             Began as a Spriggan Enchanter on Feb 27, 2016.
             Was a Follower of Dithmenos.
             Shot with an arrow by a centaur warrior (13 damage)
             ... in the Dungeon (Sprint I: "Red Sonja").
             The game lasted 00:05:19 (265 turns).

Kokonut the Covert (Spriggan Enchanter)              Turns: 265, Time: 00:05:19

Health: -4/36      AC:  3    Str:  4    XL:     8   Next: 65%
Magic:  23/23      EV: 18    Int: 17    God:    Dithmenos [*.....]
Gold:   633        SH:  0    Dex: 18    Spells: 3 memorised, 21 levels left

rFire  . . .     SeeInvis +     a - +1 dagger
rCold  . . .     Clarity  .     b - +1 robe
rNeg   . . .     SustAt   .     (shield restricted)
rPois  .         Gourm    .     (helmet restricted)
rElec  .         Spirit   .     (no cloak)
rCorr  .         Warding  .     (gloves unavailable)
rMut   .         NoTele   +     (boots unavailable)
MR     +....                    (no amulet)
Stlth  ++++++++..               (no ring)
                                (no ring)

@: wreathed by umbra, very quick, somewhat resistant to hostile enchantments,
extraordinarily stealthy
A: unfitting armour, see invisible, herbivore 3, speed 3, slow metabolism 2
a: Renounce Religion


You were in the Dungeon.
You worshipped Dithmenos.
Dithmenos was aware of your devotion.
You were not hungry.

You visited 1 branch You collected 633 gold pieces.

Inventory:

Hand Weapons
 a - a +1 dagger (weapon)
Armour
 b - a +1 robe (worn)
Jewellery
 m - a +5 ring of intelligence {unknown}
Scrolls
 j - a scroll of blinking
 k - a scroll of identify {unknown}
 l - a scroll of remove curse {unknown}
Potions
 e - a potion of curing
 f - a potion of heal wounds
 g - a potion of haste
 h - 2 potions of magic
 i - a potion of flight {unknown}
Books
 c - a book of Maledictions

   Spells                             Type                      Level
   a - Corona                         Hexes                        1
   b - Ensorcelled Hibernation        Hexes/Ice                    2
   c - Confuse                        Hexes                        3
   d - Tukima's Dance                 Hexes                        3
   e - Dazzling Spray                 Conjuration/Hexes            3
 n - a book of Dreams

   Spells                             Type                      Level
   a - Ensorcelled Hibernation        Hexes/Ice                    2
   b - Phase Shift                    Translocation                5
   c - Shadow Creatures               Summoning                    5
   d - Silence                        Hexes/Air                    5
   e - Darkness                       Hexes                        6
   f - Mass Confusion                 Hexes                        6
Comestibles
 d - a bread ration


   Skills:
 - Level 10.1 Short Blades
 + Level 3.0 Dodging
 + Level 14.9 Stealth
 + Level 10.1 Spellcasting
 + Level 13.7 Hexes


You had 21 spell levels left.
You knew the following spells:

 Your Spells              Type           Power        Failure   Level  Hunger
a - Corona                Hex            ######.      1%          1    None
b - Ensorcelled Hibernat  Hex/Ice        ####..       1%          2    None
c - Confuse               Hex            ######..     1%          3    None


Dungeon Overview and Level Annotations

Branches:
Dungeon (1/1)

Altars:
Cheibriados
Dithmenos
Elyvilon
Fedhas
Gozag
Kikubaaqudgha
Makhleb
Nemelex Xobeh
Okawaru
Qazlal
Ru
Sif Muna
Trog
Vehumet
Xom
Yredelemnul
Zin
The Shining One
Jiyva

Shops:
D (:[


Innate Abilities, Weirdness & Mutations

You are tiny and cannot use many weapons and most armour.
You have supernaturally acute eyesight.
You are a herbivore.
You cover ground extremely quickly.
You need consume almost no food.


Message History

The centaur warrior shouts! x2
The centaur warrior wields a longbow.
The centaur warrior shoots an arrow of frost.
The arrow of frost hits you! The arrow of frost freezes you.
The centaur warrior wields a shortbow.
The centaur warrior shoots an arrow.
The arrow closely misses you.
The centaur warrior shoots an arrow of frost.
The arrow of frost barely misses you.
There is an open door here.
There is an open door here.
The centaur warrior shoots an arrow.
The arrow hits you.
You see here an arrow.
You close the door.
You start resting.
Something unseen opens the door.
The centaur warrior shoots an arrow.
The arrow hits you!
* * * LOW HITPOINT WARNING * * *
There is an open door here.
You see here an arrow.
The centaur warrior shoots an arrow.
The arrow hits you!
You die...

#..####..#...#(####§$
#..#__####..##.#≈≈§§§#
#..#_..__##'#..+§≈≈c§+
#⌠⌠#_.∩...'..._#§§≈§c#
####_..._##_.#+##'####
#_____###'#%#.[c.###
############.####c###.##
#∩........+...(.(...+.∩#
###++++####.)@##########
##.## #+#


You could see a centaur warrior.

Vanquished Creatures
  Sonja (D)
  A deep troll (D)
  A slime creature (D)
  Sigmund (D)
  A yak (D)
  An ogre (D)
  Ijyb (D)
  A jelly (D)
8 creatures vanquished.

Notes
Turn   | Place    | Note
--------------------------------------------------------------
     0 | D        | Kokonut the Spriggan Enchanter began the quest for the Orb.
     0 | D        | Reached XP level 1. HP: 9/9 MP: 5/5
     1 | D        | Noticed Ijyb
    11 | D        | Killed Ijyb
    11 | D        | Reached skill level 6 in Stealth
    11 | D        | Reached XP level 2. HP: 13/13 MP: 6/8
    59 | D        | Learned a level 2 spell: Ensorcelled Hibernation
    59 | D        | Noticed an ogre
    64 | D        | Killed an ogre
    64 | D        | Reached skill level 8 in Stealth
    64 | D        | Reached XP level 3. HP: 16/16 MP: 9/9
    64 | D        | Reached XP level 4. HP: 21/21 MP: 11/11
    79 | D        | Learned a level 3 spell: Confuse
    79 | D        | Noticed Sigmund
    82 | D        | Killed Sigmund
    82 | D        | Reached skill level 5 in Short Blades
    82 | D        | Reached skill level 10 in Stealth
    82 | D        | Reached skill level 11 in Hexes
    82 | D        | Reached XP level 5. HP: 24/24 MP: 12/12
    82 | D        | Reached XP level 6. HP: 28/28 MP: 13/13
    94 | D        | Found a snail-covered altar of Cheibriados.
    94 | D        | Found a viscous altar of Jiyva.
    94 | D        | Found a shadowy altar of Dithmenos.
    94 | D        | Found a blossoming altar of Fedhas.
    94 | D        | Noticed a slime creature
    98 | D        | Became a worshipper of Dithmenos the Shadowed
    99 | D        | Killed a slime creature
   115 | D        | Found a deep blue altar of Sif Muna.
   115 | D        | Noticed a jelly
   117 | D        | Found a radiant altar of Vehumet.
   121 | D        | Killed a jelly
   140 | D        | Found Vutal's Book Emporium.
   140 | D        | Found a white marble altar of Elyvilon.
   140 | D        | Found a stormy altar of Qazlal.
   140 | D        | Found a burning altar of Makhleb.
   140 | D        | Found a sacrificial altar of Ru.
   140 | D        | Found a basalt altar of Yredelemnul.
   140 | D        | Found a glowing golden altar of the Shining One.
   140 | D        | Found a sparkling altar of Nemelex Xobeh.
   140 | D        | Found a shimmering altar of Xom.
   140 | D        | Found an opulent altar of Gozag.
   140 | D        | Found an ancient bone altar of Kikubaaqudgha.
   140 | D        | Found a glowing silver altar of Zin.
   140 | D        | Noticed a yak
   141 | D        | Found an iron altar of Okawaru.
   142 | D        | Killed a yak
   142 | D        | Reached * piety under Dithmenos
   142 | D        | Reached skill level 12 in Stealth
   142 | D        | Reached XP level 7. HP: 32/32 MP: 15/18
   143 | D        | Found a bloodstained altar of Trog.
   162 | D        | Noticed Sonja
   166 | D        | Killed Sonja
   166 | D        | Reached skill level 14 in Stealth
   166 | D        | Reached XP level 8. HP: 36/36 MP: 19/22
   178 | D        | Noticed a deep troll
   182 | D        | Killed a deep troll
   182 | D        | Reached skill level 10 in Short Blades
   182 | D        | Reached skill level 10 in Spellcasting
   202 | D        | Found Joafesala's Antique Weapon Boutique.
   229 | D        | Found Wanlu's Armour Emporium.
   256 | D        | Noticed a centaur warrior
   256 | D        | Noticed a centaur warrior
   265 | D        | Shot with an arrow by a centaur warrior

Action                   |  1- 3 |  4- 6 |  7- 9 || total
-------------------------+-------+-------+-------++-------
Melee: Dagger            |    10 |     4 |     2 ||    16
 Cast: Ensorcelled Hiber |       |     1 |     1 ||     2
  Use: Potion            |     1 |       |       ||     1
 Stab: Sleeping          |     2 |     4 |     2 ||     8
